 Dungeon Crawl Stone Soup version 0.21.1-1-g345015f (webtiles) character file.

126 Zubo the Conjurer (level 4, -2/24 HPs)
             Began as a Deep Elf Conjurer on June 21, 2018.
             Slain by an orc
             ... wielding a +0 whip
              (6 damage)
             ... on level 3 of the Dungeon.
             The game lasted 00:04:20 (2289 turns).

Zubo the Conjurer (Deep Elf Conjurer)               Turns: 2289, Time: 00:04:21

Health: -2/24      AC:  2    Str: 11    XL:     4   Next: 83%
Magic:  1/10       EV: 13    Int: 20    God:
Gold:   65         SH:  0    Dex: 15    Spells: 2/9 levels left

rFire    . . .     SeeInvis .   i - +0 short sword
rCold    . . .     Gourm    .   (no shield)
rNeg     . . .     Faith    .   a - +0 robe
rPois    .         Spirit   .   (no helmet)
rElec    .         Reflect  .   (no cloak)
rCorr    .         Harm     .   (no gloves)
MR       .....                  (no boots)
Stlth    ++........             (no amulet)
HPRegen  0.08/turn              (no ring)
MPRegen  0.12/turn              (no ring)

@: mighty, slowed, very slow
A: no striking features
a: no special abilities


You were on level 3 of the Dungeon.
You were hungry.

You visited 1 branch of the dungeon, and saw 3 of its levels.

You collected 65 gold pieces.

Inventory:

Hand Weapons
 i - a +0 short sword (weapon)
Armour
 a - a +0 robe (worn)
Jewellery
 k - an uncursed amulet of the gourmand
Scrolls
 d - a scroll of identify
 e - a scroll of amnesia
 f - a scroll of enchant armour {unknown}
 h - 6 scrolls of remove curse
 j - a scroll of fog
 m - a scroll of teleportation {unknown}
Potions
 l - a potion of might
Books
 b - a book of Conjurations

   Spells                             Type                      Level
   a - Magic Dart                     Conjuration                  1
   b - Searing Ray                    Conjuration                  2
   c - Dazzling Spray                 Conjuration/Hexes            3
   d - Fulminant Prism                Conjuration/Hexes            4
   e - Force Lance                    Conjuration/Translocation    4
   f - Iskenderun's Mystic Blast      Conjuration                  4
Comestibles
 c - 7 rations
 n - 2 chunks of flesh


   Skills:
 - Level 2.5 Dodging
 - Level 2.4 Stealth
 - Level 3.1 Spellcasting
 + Level 6.7 Conjurations


You had 2 spell levels left.
You knew the following spells:

 Your Spells              Type           Power        Failure   Level  Hunger
a - Magic Dart            Conj           ####         1%          1    None
b - Searing Ray           Conj           ####..       1%          2    ##.....
c - Fulminant Prism       Conj/Hex       ###.......   34%         4    ####...


Dungeon Overview and Level Annotations

Branches:
Dungeon (3/15)

Altars:
Nemelex Xobeh


Message History

You closely miss the orc wizard.
The orc wizard is almost dead.
The orc wizard hits you with a dagger.
* * * LOW HITPOINT WARNING * * *
The orc wizard hits you but does no damage.
You hit the orc wizard.
The orc wizard is almost dead.
The orc wizard closely misses you. x2; The orc wizard hits you with a dagger.
* * * LOW HITPOINT WARNING * * *
It was a potion of might.
You feel very mighty all of a sudden.
You are feeling hungry.
The orc wizard casts a spell.
The orc wizard blinks!
It was a potion of curing.
You feel better.
The orc wizard points at you and mumbles some strange words.
The magic dart hits you!
* * * LOW HITPOINT WARNING * * *
The orc barely misses you. The orc hits you with a whip.
You die...

##.#...#.##.........####
#........+.....<รท..'...
#.......##(........####
#o##.######.......## #
#o# ## ##.....## #.#
##...## #.# ######+##
#.#######......#
#....o@..o..##.#
#########.#.##.########
#.#.#........##
#.#.)........#.
#..#.........#.
#.###..........
##.#.#.......##
##.##.......#
####.......#


You could see an orc wizard and an orc.

Vanquished Creatures
  8 adders
  2 worms (D:2)
  2 dart slugs (D:1)
  3 leopard geckos
  4 giant cockroaches
  5 goblins
  2 hobgoblins (D:1)
  3 quokkas (D:2)
  4 bats (D:1)
  2 frilled lizards (D:1)
  5 kobolds (D:1)
  2 rats
42 creatures vanquished.

Vanquished Creatures (others)
  A fulminant prism (D:3)
  A plant (D:2)
2 creatures vanquished.

Grand Total: 44 creatures vanquished

Notes
Turn   | Place    | Note
-------+----------+-------------------------------------------
     0 | D:1      | Zubo the Deep Elf Conjurer began the quest for the Orb.
     0 | D:1      | Reached XP level 1. HP: 10/10 MP: 6/6
   181 | D:1      | Reached XP level 2. HP: 15/15 MP: 4/8
   185 | D:1      | Learned a level 2 spell: Searing Ray
   301 | D:1      | Reached skill level 5 in Conjurations
   654 | D:1      | Reached XP level 3. HP: 19/19 MP: 4/9
  1507 | D:2      | Reached skill level 6 in Conjurations
  1507 | D:2      | Reached XP level 4. HP: 15/24 MP: 4/10
  1962 | D:3      | Learned a level 4 spell: Fulminant Prism
  1977 | D:3      | Found a sparkling altar of Nemelex Xobeh.
  2287 | D:3      | HP: 1/24 [orc wizard/dagger (1)]
  2289 | D:3      | Slain by an orc

Skill      XL: |  1  2  3 |
---------------+----------+-----
Conjurations   | 5 6 |  6.7
Dodging        | |  2.5
Stealth        | |  2.4
Spellcasting   | |  3.1

Action                   |  1- 3 |  4- 6 || total
-------------------------+-------+-------++-------
Melee: Unarmed           |    11 |       ||    11
       Short sword       |       |     8 ||     8
 Cast: Magic Dart        |    65 |    36 ||   101
       Searing Ray       |     2 |     2 ||     4
       Fulminant Prism   |       |     1 ||     1
  Use: Scroll            |     5 |       ||     5
       Potion            |       |     2 ||     2
  Eat: Chunk             |     1 |     3 ||     4
Armor: Robe              |     1 |       ||     1
Dodge: Dodged            |    17 |    14 ||    31
